 Dungeon Crawl Stone Soup version 0.29.1 (webtiles) character file.

Game seed: 10342579684893969117

93 Powertoast the Chopper (level 4, 0/40 HPs)
             Began as a Hill Orc Monk on Sept 13, 2022.
             Killed by divine providence
             ... invoked by an orc priest
              (11 damage)
             ... on level 3 of the Dungeon.
             The game lasted 00:06:25 (1823 turns).

Powertoast the Chopper (Hill Orc Monk)              Turns: 1823, Time: 00:06:26

Health: 0/40       AC:  9    Str: 13    XL:     4   Next: 62%
Magic:  4/4        EV:  6    Int: 12    God:
Gold:   75         SH:  5    Dex: 13    Spells: 3/3 levels left

rFire   . . .      SeeInvis .   a - +0 hand axe
rCold   . . .      Faith    .   (no shield)
rNeg    . . .      Spirit   .   m - +0 chain mail
rPois   .          Reflect  +   (no helmet)
rElec   .          Harm     .   f - +0 cloak
rCorr   .          Rampage  .   (no gloves)
Will    .....                   (no boots)
Stlth   ..........              g - amulet of reflection
HPRegen 0.13/turn               (no ring)
MPRegen 0.09/turn               (no ring)

@: no status effects
A: no striking features
a: Convert to Beogh


You were on level 3 of the Dungeon.
You visited 1 branch of the dungeon, and saw 3 of its levels.

You collected 75 gold pieces.

Inventory:

Hand Weapons
 a - a +0 hand axe (weapon)
Missiles
 o - 13 poisoned darts (quivered)
Armour
 b - a +0 robe
 d - a +0 ring mail
 f - a +0 cloak (worn)
 m - a +0 chain mail (worn)
Jewellery
 g - an amulet of reflection (around neck)
Scrolls
 i - a scroll of identify {unknown}
 j - a scroll of poison {unknown}
 l - a scroll of vulnerability {unknown}
 n - a scroll of teleportation
 p - a scroll of fear {unknown}
 q - a scroll of noise {unknown}
 r - a scroll of butterflies {unknown}
Potions
 e - a potion of invisibility {unknown}
 h - 3 potions of brilliance {unknown}
 k - a potion of curing {unknown}


   Skills:
 + Level 4.1 Fighting
 * Level 6.6 Axes
 - Level 2.4 Dodging
 - Level 1.5 Stealth


You had 3 spell levels left.
You didn't know any spells.
Your spell library contained the following spells:

 Spells                   Type           Power      Damage    Failure   Level
 Gell's Gravitas          Tloc           0%         N/A       100%        3
 Teleport Other           Tloc           0%         N/A       100%        3
 Summon Forest            Summ/Tloc      0%         N/A       100%        5
 Summon Mana Viper        Hex/Summ       0%         N/A       100%        5
 Dispersal                Tloc           0%         N/A       100%        6
 Summon Cactus Giant      Summ           0%         N/A       100%        6


Dungeon Overview and Level Annotations

Branches:
Dungeon (3/15)

Altars:
Ru

Annotations:
D:3 1 transporter, Sigmund


Message History

The orc priest shouts, "Join the one true god or die!"
The orc priest closely misses you. You block the adder's attack.
Sigmund completely misses you.
You barely miss the orc priest.
The orc priest shouts, "Surrender to Beogh and we'll let you live!"
You barely miss the adder.
The orc priest hits you but does no damage.
The adder bites you but does no damage.
You barely miss the orc priest.
The orc priest shouts, "Join the one true god or die!"
You hit the giant cockroach. You hit the adder.
The adder completely misses you.
The giant cockroach bites you but does no damage.
The orc priest hits you with a +0 club.
Sigmund hits you from afar with a +0 scythe.
You slash the orc priest!
The orc priest is heavily wounded.
You hit the adder but do no damage. You closely miss the giant cockroach.
The adder bites you but does no damage. The giant cockroach barely misses you.
You block the orc priest's attack. You block the adder's attack.
Sigmund gestures wildly while chanting.
Sigmund flickers and vanishes!
Deactivating autopickup; reactivate with Ctrl-A.
You hit the orc priest but do no damage.
The orc priest is heavily wounded.
You completely miss the adder. You barely miss the giant cockroach.
You block the giant cockroach's attack.
The orc priest invokes the aid of Beogh against you.
Beogh smites you! The adder closely misses you.
The giant cockroach bites you but does no damage.
Something hits you!
* * * LOW HITPOINT WARNING * * *
You slash the orc priest!
The orc priest is almost dead.
You closely miss the adder.
You completely miss the giant cockroach.
The adder barely misses you.
The orc priest mumbles some strange prayers to Beogh against you.
Beogh smites you!
You die...

#####..####.#....##..
.......<...## ..
.....#....# #. ..
##.####.#######... ..
.................. ©.
...########........
## ## #.####### #B#
####+#@# #....So#
#.....{# #.........#
#..<.........
#.........#.$.o
#.###)....#.### #
##..... . #....####


You could see an orc priest, an adder and a giant cockroach.

Vanquished Creatures
  4 adders
  3 worms
  2 dart slugs (D:2)
  2 orcs (D:3)
  2 ball pythons (D:1)
  4 bats
  4 endoplasms
  2 giant cockroaches (D:2)
  2 goblins
  3 hobgoblins (D:1)
  4 jackals
  5 frilled lizards
  3 kobolds (D:2)
  2 rats
42 creatures vanquished.

Notes
Turn   | Place    | Note
-------+----------+-------------------------------------------
     0 | D:1      | Powertoast the Hill Orc Monk began the quest for the Orb.
     0 | D:1      | Reached XP level 1. HP: 19/19 MP: 1/1
   132 | D:1      | Reached XP level 2. HP: 17/26 MP: 2/2
   383 | D:1      | Reached skill level 5 in Axes
   822 | D:2      | Reached XP level 3. HP: 33/33 MP: 3/3
  1282 | D:2      | Reached skill level 6 in Axes
  1282 | D:2      | Reached XP level 4. HP: 40/40 MP: 4/4
  1753 | D:3      | Found a transporter.
  1785 | D:3      | Found a sacrificial altar of Ru.
  1808 | D:3      | Noticed Sigmund
  1823 | D:3      | Killed from afar by an orc priest

Illustrated notes

Levels and vault maps discovered:
D:1:      scummos_arrival_forest, layout_rooms, kennysheep_nondescript
D:2:      layout_loops_ring, minmay_tetromino_s2
D:3:      layout_basic, mainiacjoe_overflow_alcove_2,
          mainiacjoe_overflow_surrounded_room, gammafunk_ghost_smash, uniq_ijyb,
          uniq_sigmund

Skill      XL: |  1  2  3 |
---------------+----------+-----
Axes           | 5 6 |  6.6
Fighting       | 4 |  4.1
Dodging        | |  2.4
Stealth        | |  1.5

Action                   |  1- 3 |  4- 6 || total
-------------------------+-------+-------++-------
Melee: Hand axe          |    94 |    62 ||   156
       Punch             |       |     1 ||     1
  Use: Scroll            |     1 |     1 ||     2
       Potion            |       |     1 ||     1
Armor: Ring mail         |    27 |     2 ||    29
       Chain mail        |       |    47 ||    47
Dodge: Dodged            |    49 |    24 ||    73
Block: Other             |    12 |    16 ||    28
